 Dungeon Crawl Stone Soup version 0.26.1-2-gb8aa6d0cf2 (webtiles) character file.

Game seed: 10002656951183245575

4750 Marvel the Martial Artist (level 10, -5/76 HPs)
             Began as a Gnoll Transmuter on Feb 17, 2021.
             Was an Elder of Okawaru.
             Slain by a thrashing horror (6 damage)
             ... on level 1 of the Abyss.
             The game lasted 00:28:47 (12477 turns).

Marvel the Martial Artist (Gnoll Transmuter)       Turns: 12477, Time: 00:28:48

Health: -5/76      AC: 10    Str: 12    XL:     10   Next: 46%
Magic:  0/16       EV: 13    Int: 13    God:    Okawaru [****..]
Gold:   677        SH:  0    Dex: 11    Spells: 18/23 levels left

rFire    . . .     SeeInvis .   L - +0 halberd of Plog {freeze, +Blink rN++ Will+ Dex-3} (curse)
rCold    . . .     Faith    .   (shield currently unavailable)
rNeg     + + .     Spirit   +   s - +2 ring mail {Will+}
rPois    +         Reflect  .   (no helmet)
rElec    .         Harm     .   B - +0 cloak {rPois}
rCorr    .         Rampage  .   z - +0 pair of gloves
Will     ++...                  (no boots)
Stlth    ++........             C - amulet of guardian spirit
HPRegen  0.22/turn              h - -4 ring of dexterity (curse)
MPRegen  0.15/turn              (no ring)

@: about to teleport, studying Armour
A: distributed training, fangs 1, [dopey 2], [low mp 2], [screaming 2], strong
nose
a: Renounce Religion, Evoke Blink, Heroism


You were on level 1 of the Abyss.
You worshipped Okawaru.
Okawaru was greatly pleased with you.
You visited 1 branch of the dungeon, and saw 8 of its levels.
You visited the Abyss 1 time.
You also visited: Sewer and Bailey.

You collected 677 gold pieces.

Inventory:

Hand Weapons
 c - a +1 dagger of venom
 A - a +2 long sword of electrocution
 H - a +0 halberd
 K - a +1 bardiche of venom
 L - the cursed +0 halberd of Plog (weapon) {freeze, +Blink rN++ Will+ Dex-3}
   (You found it on level 7 of the Dungeon)

   It has been specially enchanted to freeze those struck by it, causing extra
   injury to most foes and up to half again as much damage against particularly
   susceptible opponents.
   It can also slow down cold-blooded creatures.
   It affects your dexterity (-3).
   It greatly protects you from negative energy.
   It affects your willpower, your defense against some magical effects.
   It lets you blink.
   It has a curse placed upon it.
 P - a +0 battleaxe
Missiles
 j - 3 boomerangs
 F - 6 poisoned darts (quivered)
 G - 17 javelins
Armour
 a - a +0 robe
 l - a +0 cloak
 s - a +2 ring mail of willpower (worn)
 z - a +0 pair of gloves (worn)
 B - a +0 cloak of poison resistance (worn)
Jewellery
 h - a cursed -4 ring of dexterity (left hand)
 C - an amulet of guardian spirit (around neck)
 M - an uncursed amulet of reflection {unknown}
Wands
 r - a wand of paralysis (9)
 t - a wand of acid (11)
 u - a wand of flame (30)
 y - a wand of enslavement (10)
Scrolls
 k - 3 scrolls of identify
 m - a scroll of blinking
 p - a scroll of teleportation
 x - 2 scrolls of fear
 E - a scroll of amnesia
 O - a scroll of enchant weapon
Potions
 b - 3 potions of degeneration {unknown}
 d - 2 potions of mutation {unknown}
 e - a potion of lignification {unknown}
 f - 5 potions of flight {unknown}
 g - 3 potions of brilliance {unknown}
 i - 2 potions of berserk rage {unknown}
 n - a potion of invisibility {unknown}
 o - 6 potions of curing {unknown}
 q - 2 potions of might {unknown}
 v - 2 potions of magic {unknown}
 w - a potion of haste
 D - 3 potions of heal wounds {unknown}
 I - a potion of experience {unknown}
 N - a potion of cancellation {unknown}
Books
 J - a manual of Armour


   Skills:
 + Level 6.0 Fighting
 + Level 5.3 Short Blades
 + Level 5.3 Long Blades
 + Level 5.3 Axes
 + Level 5.3 Maces & Flails
 + Level 5.3 Polearms
 + Level 5.3 Staves
 + Level 5.3 Slings
 + Level 5.3 Bows
 + Level 5.3 Crossbows
 + Level 5.3 Throwing
 + Level 5.5 Armour
 + Level 7.1 Dodging
 + Level 5.3 Stealth
 + Level 5.3 Shields
 + Level 8.5 Unarmed Combat
 + Level 7.4 Spellcasting
 + Level 4.3 Conjurations
 + Level 4.3 Hexes
 + Level 4.3 Summonings
 + Level 4.3 Necromancy
 + Level 4.3 Translocations
 + Level 5.9 Transmutations
 + Level 4.3 Fire Magic
 + Level 4.3 Ice Magic
 + Level 4.3 Air Magic
 + Level 4.3 Earth Magic
 + Level 4.3 Poison Magic
 + Level 5.8 Invocations
 + Level 5.3 Evocations


You had 18 spell levels left.
You knew the following spells:

 Your Spells              Type           Power        Failure   Level
a - Beastly Appendage     Tmut           40%          2%          1
b - Ensorcelled Hibernat  Hex/Ice        32%          8%          2
c - Wereblood             Tmut           20%          4%          2

Your spell library contained the following spells:

 Spells                   Type           Power        Failure   Level
 Animate Skeleton         Necr           32%          4%          1
 Apportation              Tloc           32%          4%          1
 Corona                   Hex            17%          4%          1
 Foxfire                  Conj/Fire      64%          4%          1
 Summon Small Mammal      Summ           64%          4%          1
 Spider Form              Tmut/Pois      9%           11%         3
 Confusing Touch          Hex            16%          16%         3
 Conjure Flame            Conj/Fire      16%          16%         3
 Dazzling Flash           Conj/Hex       32%          16%         3
 Inner Flame              Hex/Fire       16%          16%         3
 Tukima's Dance           Hex            16%          16%         3
 Ice Form                 Ice/Tmut       18%          34%         4
 Sticky Flame             Conj/Fire      16%          45%         4
 Blade Hands              Tmut           10%          58%         5
 Fireball                 Conj/Fire      8%           80%         5


Dungeon Overview and Level Annotations

Branches:
Dungeon (8/15)             Temple (0/1) D:4           Sewer (visited)
 Bailey (visited)
   Lair: D:8-11

Altars:
Ashenzari
Dithmenos
Gozag
Kikubaaqudgha
Nemelex Xobeh
Okawaru
Ru
Sif Muna
Trog
Xom


Innate Abilities, Weirdness & Mutations

Your experience applies equally to all skills.
You have very sharp teeth.
Your uncanny sense of smell can sniff out nearby items.
[You are very dopey. (Int -4)]
[Your magical capacity is very low. (-20% MP)]
[You sometimes yell uncontrollably at your foes.]


Message History

You feel strangely unstable.
You feel the power of the Abyss delaying your translocation!
The wretched star pulses with an eldritch light!
You feel less energetic. x2
The wretched star glows turbulently.
The lance of force hits you!!
* * * LOW HITPOINT WARNING * * *
You are knocked back by the lance of force.
You slam into the stone wall!
* * * LOW HITPOINT WARNING * * *
A thrashing horror comes into view.
The wretched star pulses with an eldritch light!
You feel stupid. x2
The thrashing horror roars!
The wretched star glows turbulently.
The lance of force misses you. The thrashing horror tramples you!
* * * LOW HITPOINT WARNING * * *
You hold your ground!
The thrashing horror tramples you.
You die...

....# #. ...##
..# ##...### #..
#....#.### #..
#........# ##.#
##*..##...
##...###....# ..
.#.....#.....# ..
.......@....## #
. .#....X#....#
...#
##...###...##...#
##.# ##....#..#
#...###.........
.#.....#.....###
#
.............###
.#.. ..#...... #
. ## ..≈≈≈.# #


You could see a wretched star and a thrashing horror.

Vanquished Creatures
  A water moccasin (D:6)
  A black bear (D:5)
  An ice beast (D:6)
  11 orc warriors
  A necrophage (D:8)
  2 phantoms
  5 ogres
  13 centaurs
  A big kobold (D:7)
  3 bullfrogs
  A scorpion (D:7)
  4 howler monkeys
  2 centaur zombies
  A bullfrog zombie (D:7)
  A jelly (D:8)
  A quasit (D:6)
  2 orc priests
  A centaur skeleton (D:4)
  A gnoll shaman (D:6)
  2 hounds
  3 iguanas
  Ijyb (D:3)
  3 orc wizards
  12 worker ants
  A hound zombie (D:7)
  2 howler monkey zombies
  3 worker ant zombies
  5 gnolls (D:6)
  13 adders
  2 white imps
  2 oozes
  An adder zombie (D:5)
  An adder skeleton (D:5)
  3 worms
  2 dart slugs (D:1)
  5 leopard geckos
  37 orcs
  6 ball pythons
  6 giant cockroaches
  4 hobgoblins
  13 jackals
  19 kobolds
  3 quokkas
  6 bats
  7 frilled lizards
  6 goblins
  3 leopard gecko skeletons
  3 quokka skeletons
  A quokka zombie (D:6)
  10 rats
238 creatures vanquished.

Vanquished Creatures (others)
  15 plants (Sewer)
15 creatures vanquished.

Grand Total: 253 creatures vanquished

Notes
Turn   | Place    | Note
-------+----------+-------------------------------------------
     0 | D:1      | Marvel the Gnoll Transmuter began the quest for the Orb.
     0 | D:1      | Reached XP level 1. HP: 17/17 MP: 6/6
   192 | D:1      | Reached XP level 2. HP: 22/23 MP: 7/7
   748 | D:1      | Reached XP level 3. HP: 27/28 MP: 9/9
   826 | D:2      | Reached skill level 5 in Spellcasting
  1168 | D:2      | Reached skill level 1 in Invocations
  1331 | D:2      | Found an iron altar of Okawaru.
  1357 | D:2      | Became a worshipper of Warmaster Okawaru
  1701 | D:3      | Noticed Ijyb
  1721 | D:3      | Killed Ijyb
  1722 | D:3      | Reached skill level 1 in Short Blades
  1722 | D:3      | Reached skill level 1 in Long Blades
  1722 | D:3      | Reached skill level 1 in Axes
  1722 | D:3      | Reached skill level 1 in Maces & Flails
  1722 | D:3      | Reached skill level 1 in Polearms
  1722 | D:3      | Reached skill level 1 in Staves
  1722 | D:3      | Reached skill level 1 in Slings
  1722 | D:3      | Reached skill level 1 in Bows
  1722 | D:3      | Reached skill level 1 in Crossbows
  1722 | D:3      | Reached skill level 1 in Throwing
  1722 | D:3      | Reached skill level 1 in Armour
  1722 | D:3      | Reached skill level 1 in Stealth
  1722 | D:3      | Reached skill level 1 in Shields
  1722 | D:3      | Reached skill level 1 in Evocations
  1722 | D:3      | Reached XP level 4. HP: 26/34 MP: 11/11
  1999 | D:3      | Reached skill level 1 in Conjurations
  1999 | D:3      | Reached skill level 1 in Hexes
  1999 | D:3      | Reached skill level 1 in Summonings
  1999 | D:3      | Reached skill level 1 in Necromancy
  1999 | D:3      | Reached skill level 1 in Translocations
  1999 | D:3      | Reached skill level 1 in Fire Magic
  1999 | D:3      | Reached skill level 1 in Ice Magic
  1999 | D:3      | Reached skill level 1 in Air Magic
  1999 | D:3      | Reached skill level 1 in Earth Magic
  1999 | D:3      | Reached skill level 1 in Poison Magic
  2581 | D:4      | Found a sacrificial altar of Ru.
  2610 | D:4      | Found a staircase to the Ecumenical Temple.
  2651 | D:4      | Reached XP level 5. HP: 37/40 MP: 12/12
  2734 | D:4      | Learned a level 2 spell: Ensorcelled Hibernation
  3050 | D:4      | Reached * piety under Okawaru
  3051 | D:4      | Reached XP level 6. HP: 39/47 MP: 14/14
  3120 | D:4      | Reached skill level 5 in Dodging
  3250 | D:4      | Reached XP level 7. HP: 40/52 MP: 15/15
  3537 | D:4      | Found a shimmering altar of Xom.
  3643 | D:4      | Found a bloodstained altar of Trog.
  3828 | D:4      | Found a shimmering blue altar of Sif Muna.
  3991 | D:4      | Reached skill level 7 in Unarmed Combat
  4385 | D:5      | Entered Level 5 of the Dungeon
  4604 | D:5      | Found a glowing drain.
  4628 | Sewer    | Entered a sewer
  6004 | D:5      | Reached XP level 8. HP: 60/60 MP: 16/16
  6363 | D:5      | Reached ** piety under Okawaru
  6604 | D:6      | Found an opulent altar of Gozag.
  7325 | D:6      | Found a shadowy altar of Dithmenos.
  7353 | D:6      | Found a sparkling altar of Nemelex Xobeh.
  7361 | D:6      | Reached skill level 5 in Transmutations
  7361 | D:6      | Reached XP level 9. HP: 60/66 MP: 18/18
  7506 | D:6      | Found an ancient bone altar of Kikubaaqudgha.
  7736 | D:7      | Reached *** piety under Okawaru
  7827 | D:7      | Found a flagged portal.
  7858 | D:7      | Reached skill level 5 in Fighting
  8106 | Bailey   | Entered a bailey
  8454 | Bailey   | Reached skill level 8 in Unarmed Combat
  8652 | Bailey   | Reached skill level 5 in Invocations
  9357 | Bailey   | Learned a level 2 spell: Wereblood
  9375 | Bailey   | Reached **** piety under Okawaru
  9383 | Bailey   | Reached XP level 10. HP: 33/74 MP: 10/20
  9698 | Bailey   | Reached skill level 5 in Short Blades
  9698 | Bailey   | Reached skill level 5 in Long Blades
  9698 | Bailey   | Reached skill level 5 in Axes
  9698 | Bailey   | Reached skill level 5 in Maces & Flails
  9698 | Bailey   | Reached skill level 5 in Polearms
  9698 | Bailey   | Reached skill level 5 in Staves
  9698 | Bailey   | Reached skill level 5 in Slings
  9698 | Bailey   | Reached skill level 5 in Bows
  9698 | Bailey   | Reached skill level 5 in Crossbows
  9698 | Bailey   | Reached skill level 5 in Throwing
  9698 | Bailey   | Reached skill level 5 in Armour
  9698 | Bailey   | Reached skill level 5 in Stealth
  9698 | Bailey   | Reached skill level 5 in Shields
  9698 | Bailey   | Reached skill level 5 in Evocations
 10467 | D:7      | Got an iridescent halberd
 10468 | D:7      | Identified the cursed +0 halberd of Plog {freeze, +Blink
                  | rN++ Will+ Dex-3} (You found it on level 7 of the Dungeon)
 10788 | D:7      | Found a broken altar of Ashenzari.
 12395 | D:8      | Cast into level 1 of the Abyss (orc warrior)
 12465 | Abyss:1  | Noticed a worldbinder
 12469 | Abyss:1  | Noticed a wretched star
 12470 | Abyss:1  | Noticed a wretched star
 12475 | Abyss:1  | Noticed a thrashing horror
 12477 | Abyss:1  | HP: 1/76 [thrashing horror (7)]
 12477 | Abyss:1  | Slain by a thrashing horror

Illustrated notes

Levels and vault maps discovered:
D:1:      heliophobic_arrival_enchanted_forest, layout_rooms
D:2:      layout_loops_ring, lemuel_crystal_altar, roderic_cross_of_infinity
D:3:      layout_rooms, uniq_ijyb
D:4:      minmay_inner_zag, layout_basic, nicolae_overflow_crystal_walls,
          nicolae_ru_the_path_less_chosen, general_overflow_altar,
          minmay_temple_entry_overgrown, corexii_shack, led_sif_pool
D:5:      minmay_clustersquares, layout_cave_pools, portal_sewer_entry_b,
          skrybe_limestone_x, corexii_item_surrounded_by_moat,
          minmay_misc_feat_x, grunt_ministairs_3,
          chequers_serial_rivers_large_a, kennysheep_generic_room_8
D:6:      layout_gridville, marbit_many_paths, nicolae_dithmenos_shadow_blocks,
          overflow_temple_1_default, nemelex_xobeh_ov_fountains_minmay
D:7:      layout_basic, ashenzari_altar_1, enter_bailey_2
D:8:      layout_layer_cave, zin_purify, slow_altar_1, serial_shops, shop
Abyss:1:  base: D:5, hangedman_summoners_spam, evilmike_abyss_exit_glass

Skill      XL: |  1  2  3  4  5  6  7  8  9 10 |
---------------+-------------------------------+-----
Spellcasting   | 5 6 7 |  7.4
Invocations    | 1 2 3 4 5 |  5.8
Short Blades   | 1 2 3 4 5 |  5.3
Long Blades    | 1 2 3 4 5 |  5.3
Axes           | 1 2 3 4 5 |  5.3
Maces & Flails | 1 2 3 4 5 |  5.3
Polearms       | 1 2 3 4 5 |  5.3
Staves         | 1 2 3 4 5 |  5.3
Slings         | 1 2 3 4 5 |  5.3
Bows           | 1 2 3 4 5 |  5.3
Crossbows      | 1 2 3 4 5 |  5.3
Throwing       | 1 2 3 4 5 |  5.3
Armour         | 1 2 3 4 5 |  5.5
Stealth        | 1 2 3 4 5 |  5.3
Shields        | 1 2 3 4 5 |  5.3
Evocations     | 1 2 3 4 5 |  5.3
Conjurations   | 1 2 3 4 |  4.3
Hexes          | 1 2 3 4 |  4.3
Summonings     | 1 2 3 4 |  4.3
Necromancy     | 1 2 3 4 |  4.3
Translocations | 1 2 3 4 |  4.3
Fire Magic     | 1 2 3 4 |  4.3
Ice Magic      | 1 2 3 4 |  4.3
Air Magic      | 1 2 3 4 |  4.3
Earth Magic    | 1 2 3 4 |  4.3
Poison Magic   | 1 2 3 4 |  4.3
Fighting       | 3 4 5 6 |  6.0
Transmutations | 4 5 |  5.9
Dodging        | 5 6 7 |  7.1
Unarmed Combat | 7 8 |  8.5

Action                   |  1- 3 |  4- 6 |  7- 9 | 10-12 || total
-------------------------+-------+-------+-------+-------++-------
Melee: Dagger            |   100 |   136 |   334 |       ||   570
       Bite              |    22 |    17 |    58 |    14 ||   111
       Unarmed           |     4 |       |       |       ||     4
       Punch             |     3 |     6 |    18 |     1 ||    28
       Long sword        |       |       |   155 |    39 ||   194
       Halberd           |       |       |    39 |   184 ||   223
       Trident           |       |       |    22 |       ||    22
Throw: Dart              |       |       |    13 |     9 ||    22
 Cast: Ensorcelled Hiber |       |       |     3 |     1 ||     4
       Beastly Appendage |       |       |     1 |       ||     1
       Wereblood         |       |       |     1 |       ||     1
Evoke: Wand              |       |     5 |     3 |       ||     8
  Use: Scroll            |       |     4 |     6 |     3 ||    13
 Stab: Sleeping          |     4 |       |     6 |     4 ||    14
       Distracted        |       |       |     2 |       ||     2
Armor: Robe              |    12 |       |       |       ||    12
       Ring mail         |       |    31 |   191 |   131 ||   353
Dodge: Dodged            |    69 |    87 |   451 |   277 ||   884
       Rpst.: Long sword |       |       |    49 |     8 ||    57
